Map: Central Protocol

Players

Daemon

  • Race: Terran Terran

MorN

  • Race: Terran Terran
  • League: Diamond

dawciobiel

  • Race: Terran Terran

FinnsoN

  • Race: Terran Terran
  • League: Diamond

VOD

Have the link to the VOD?

Description

Time

  • Played on: Nov. 15, 2015, 7:04 p.m.
  • Length: 9:24
Show
View Real Time Build Order
Export as new Build Order

Daemon Terran 

Build Orders:  

Get SALT Encoding   

  12  0:01  SCV  
  13  0:13  SCV  
  14  0:25  SCV  
  15  0:38  Supply Depot  
  15  0:43  Refinery  
  15  0:59  SCV  
  15  1:01  Barracks  
  16  1:11  Refinery  
  16  1:12  SCV  
  17  1:24  SCV  
  18  1:36  SCV  
  19  1:48  SCV  
  19  1:53  Factory  
  21  1:54  Barracks Tech Lab  
  21  2:00  Orbital Command  
  20  2:14  Reaper  
  21  2:19  Command Center  
  21  2:27  SCV  
  21  2:44  SCV  
  20  3:08  Starport  
  20  3:18  Siege Tank  
  23  3:21  Barracks Reactor  
  23  3:30  SCV  
  24  3:38  Orbital Command  
  24  3:43  SCV  
  25  3:50  Siege Tank  
  28  4:05  SCV x2  
  28  4:07  Medivac x2  
  34  4:16  Barracks  
  34  4:17  SCV x2  
  35  4:19  Bunker  
  36  4:29  SCV x2  
  38  4:31  Supply Depot  
  38  4:42  SCV x2  
  32  5:09  SCV  
  32  5:11  SCV  
  35  5:21  SCV  
  35  5:23  SCV  
  36  5:32  Siege Tank  
  36  5:33  SCV, Medivac x2  
  36  5:35  SCV  
  45  5:45  SCV  
  45  5:46  Supply Depot  
  45  5:47  SCV  
  43  5:57  SCV  
  43  5:59  SCV  
  40  6:09  SCV  
  28  6:11  SCV  
  28  6:12  Marine x2  
  24  6:21  SCV  
  23  6:28  SCV  
  23  6:29  Marine  
  25  6:34  SCV  
  26  6:40  SCV  
  26  6:46  SCV  
  28  6:50  Marine  
  28  6:52  SCV  
  28  6:53  Siege Tank  
  34  6:58  SCV  
  34  7:01  Supply Depot, Barracks Tech Lab  
  34  7:04  SCV  
  35  7:10  SCV  
  36  7:16  SCV  
  36  7:22  SCV  
  38  7:24  Widow Mine  
  38  7:29  SCV  
  37  7:34  SCV  
  26  7:41  SCV  
  22  7:48  SCV  
  23  7:52  Marine x2  
  23  7:53  Widow Mine  
  27  8:00  SCV  
  28  8:10  Marine x2  
  28  8:12  SCV  
  31  8:13  SCV  
  32  8:24  SCV  
  32  8:25  SCV  
  34  8:28  Marine x2  
  34  8:31  Refinery  
  36  8:36  SCV  
  36  8:38  SCV  
  38  8:46  Marine x2  
  40  8:49  SCV  
  40  8:50  SCV  
  42  9:01  SCV  
  42  9:02  SCV  
  44  9:03  Marine  
  44  9:04  Marine  
Show
View Real Time Build Order
Export as new Build Order

MorN Terran 

Build Orders: Reaper Expand, MMM Bio 

Get SALT Encoding   

  12  0:00  SCV  
  13  0:12  SCV  
  14  0:18  Supply Depot  
  14  0:24  SCV  
  15  0:39  SCV  
  15  0:42  Barracks  
  16  0:47  Refinery  
  16  0:51  SCV  
  17  1:03  SCV  
  18  1:17  SCV  
  19  1:30  Orbital Command  
  19  1:31  Reaper  
  20  1:42  Command Center  
  20  1:53  Supply Depot  
  20  1:57  SCV  
  21  2:03  Refinery  
  21  2:04  Barracks Reactor  
  21  2:09  SCV  
  22  2:21  SCV  
  23  2:25  Factory  
  23  2:33  SCV  
  24  2:41  Marine x2  
  26  2:46  SCV  
  27  2:54  Orbital Command  
  27  2:58  SCV, Marine  
  27  2:59  Marine  
  27  3:01  Bunker  
  29  3:10  SCV  
  29  3:11  Supply Depot  
  30  3:16  Starport  
  30  3:26  SCV  
  31  3:27  SCV  
  32  3:38  Hellion x2  
  36  3:42  SCV  
  36  3:43  Barracks Tech Lab  
  36  3:44  SCV  
  38  3:52  Engineering Bay  
  38  3:54  SCV  
  38  3:55  Medivac  
  41  3:59  Hellion x2  
  45  4:05  SCV  
  45  4:06  SCV  
  45  4:09  Stimpack, Marine  
  48  4:17  SCV  
  48  4:19  SCV  
  48  4:20  Hellion  
  48  4:22  Supply Depot  
  52  4:30  SCV  
  52  4:31  Marine  
  54  4:34  Missile Turret  
  54  4:36  Missile Turret  
  54  4:44  SCV x2, Viking  
  54  4:45  Supply Depot  
  58  4:55  Barracks  
  58  4:56  SCV, Marine  
  58  4:58  Factory Tech Lab, Barracks  
  58  5:02  SCV  
  55  5:08  SCV  
  55  5:12  Terran Infantry Weapons Level 1, Supply Depot  
  55  5:14  Marine  
  56  5:18  Siege Tank  
  56  5:20  Starport Reactor  
  56  5:21  SCV x2  
  62  5:24  Refinery  
  62  5:31  Marine  
  62  5:33  SCV, Supply Depot  
  62  5:35  SCV  
  65  5:37  Supply Depot  
  64  5:43  Marine  
  64  5:45  SCV  
  60  5:50  Siege Tank, Marauder  
  60  5:55  SCV  
  63  5:58  SCV, Marine  
  61  6:06  Marine  
  61  6:07  SCV  
  61  6:10  SCV  
  62  6:11  Marauder  
  62  6:15  Barracks Tech Lab  
  62  6:18  Marine  
  62  6:19  SCV  
  62  6:22  SCV  
  62  6:23  Siege Tank  
  62  6:24  Marine  
  64  6:26  Supply Depot  
  64  6:31  SCV  
  67  6:34  SCV  
  67  6:35  Barracks  
  67  6:37  Barracks, Marine  
  67  6:41  Combat Shields  
  67  6:46  Command Center  
  67  6:47  Supply Depot  
  67  6:48  Marine x2  
  67  6:52  Supply Depot  
  71  6:54  Marauder  
  71  6:55  Siege Tank  
  71  6:57  SCV  
  71  6:58  SCV  
  76  7:03  Marine  
  76  7:06  Marine  
  78  7:09  Terran Infantry Armor Level 1, Marine  
  78  7:14  SCV x2  
  78  7:15  Marine  
  82  7:16  Supply Depot  
  82  7:17  Supply Depot  
  82  7:19  Refinery  
  81  7:23  Supply Depot, Barracks Reactor  
  81  7:24  Barracks Reactor  
  81  7:25  Marine  
  81  7:27  SCV  
  81  7:29  Medivac  
  85  7:31  Medivac  
  85  7:33  SCV  
  85  7:34  Marine  
  88  7:39  Marine x2  
  88  7:50  Marine  
  88  7:51  Armory, Engineering Bay, Marine  
  89  7:53  Supply Depot  
  89  7:56  Marine  
  89  7:57  Marine  
  92  7:58  Sensor Tower  
  92  8:00  SCV  
  92  8:01  SCV  
  91  8:05  Orbital Command  
  91  8:07  Marine x2  
  91  8:10  Marine x2  
  91  8:11  Marine  
  96  8:18  Marine x2  
  96  8:19  Supply Depot  
  98  8:20  Marine  
  98  8:24  Marine  
  98  8:25  Siege Tank  
  103  8:28  Medivac  
  105  8:34  Marine x3  
  105  8:35  SCV, Marine  
  105  8:36  SCV  
  105  8:40  Marine  
  112  8:43  Supply Depot  
  112  8:45  Marine x3  
  115  8:52  Marine x2  
  117  8:58  Marine x2  
  117  9:01  Barracks  
  119  9:05  Refinery, Marine x2  
  119  9:06  Barracks, Marine  
  123  9:14  Supply Depot  
  123  9:15  Barracks  
Show
View Real Time Build Order
Export as new Build Order

dawciobiel Terran 

Build Orders:  

Get SALT Encoding   

Show
View Real Time Build Order
Export as new Build Order

FinnsoN Terran 

Build Orders:  

Get SALT Encoding   

Tags
 
Add a new tag
Caveats
  • Supply blocks, unpowered buildings, or Contaminate may cause inaccurate times.
  • Supply counts are checked every 10 seconds.